 Dungeon Crawl Stone Soup version 0.21.1-1-g345015f (webtiles) character file.

574 letownia2 the Ruffian (level 7, 0/35 HPs)
             Began as a Vine Stalker Fighter on Feb 13, 2018.
             Killed by divine providence
             ... invoked by an orc priest
              (6 damage)
             ... on level 5 of the Dungeon.
             The game lasted 00:10:06 (1275 turns).

letownia2 the Ruffian (Vine Stalker Fighter)        Turns: 1275, Time: 00:10:07

Health: 0/35       AC:  6    Str: 23    XL:     7   Next: 35%
Magic:  0/8        EV:  9    Int: 10    God:
Gold:   291        SH:  4    Dex: 14    Spells: 6/6 levels left

rFire    . . .     SeeInvis .     - Unarmed
rCold    . . .     Gourm    .   j - +0 buckler
rNeg     . . .     Faith    .   a - +0 scale mail
rPois    .         Spirit   +   (no helmet)
rElec    .         Reflect  .   (no cloak)
rCorr    .         Harm     .   (no gloves)
MR       .....                  (no boots)
Stlth    ..........             (no amulet)
HPRegen  0.51/turn              (no ring)
MPRegen  0.11/turn              (no ring)

@: mighty, drained
A: fangs 2, regeneration 1, magic shield, antimagic bite, no potion heal 3, rot
immunity
a: no special abilities


You were on level 5 of the Dungeon.
You were not hungry.

You visited 1 branch of the dungeon, and saw 5 of its levels.

You collected 291 gold pieces.

Inventory:

Missiles
 l - 5 exploding tomahawks (quivered)
 t - 5 curare-tipped needles
Armour
 a - a +0 scale mail (worn)
 b - a +0 shield
 e - a +0 ring mail
 j - a +0 buckler (worn)
 n - a +2 chain mail of poison resistance
 o - a +1 robe of fire resistance
Jewellery
 m - an uncursed ring of ice
Wands
 g - a wand of scattershot (6)
 q - a wand of clouds (5)
Scrolls
 f - 3 scrolls of identify {unknown}
 i - 2 scrolls of teleportation {unknown}
 k - a scroll of immolation {unknown}
 p - a scroll of random uselessness {unknown}
 r - a scroll of fog {unknown}
 s - a scroll of remove curse {unknown}
Comestibles
 c - 2 chunks of flesh
 d - 5 rations


   Skills:
 - Level 2.6(1.9) Fighting
 - Level 2.4(1.6) Armour
 - Level 1.0(0.3) Dodging
 - Level 3.4(2.6) Shields
 + Level 7.3(6.4) Unarmed Combat


You had 6 spell levels left.
You didn't know any spells.

Dungeon Overview and Level Annotations

Branches:
Dungeon (5/15)             Temple (0/1) D:5

Altars:
Kikubaaqudgha
Nemelex Xobeh
Vehumet
Wu Jian

Shops:
D:4 [


Innate Abilities, Weirdness & Mutations

You have extremely sharp teeth.
Your natural rate of healing is unusually fast.
When hurt, damage is shared between your health and your magic reserves.
Your bite disrupts and absorbs the magic of your enemies.
Potions cannot restore your health.
You are immune to rotting.


Message History

You kill the centaur!
Your base Unarmed Combat skill increases to level 7!
The shadow imp hits you.
Unknown command.
You punch the shadow imp!
You kill the shadow imp!
Unknown command.
Items here: ( )) [ † an uncursed shortbow; 10 arrows; a dagger of draining; a robe; an orc corpse You butcher the orc corpse.
c - 3 chunks of flesh
Items here: ( )) [ ÷ an uncursed shortbow; 10 arrows; a dagger of draining; a robe; an orc skeleton Eat one of 3 chunks of flesh? (ye/n/q)
You eat one of the 3 chunks of flesh.
This raw flesh tastes terrible.
Found a staircase to the Ecumenical Temple.
An orc priest comes into view. It is wielding a short sword.
The orc priest invokes the aid of Beogh against you.
Beogh smites you!
You die...

...#####...##.....####..##
... ##.........## ##..##
.. ##.........# ##..##
###..#....## ##..#
#...)o##(.## ##..
##....###(.## #.. ##.>.#
##o5####.. #..#####.#...#
##...#... ...⌠...@######
##c.(.(. ........# #....(.
.⌠.>.⌠..# #......
.......## #.#.... ...⌠...
.^##.... ####### #.. ..#..
#......... .####.....
#...:.


You could see an orc priest.

Vanquished Creatures
  A phantom (D:4)
  A centaur (D:5)
  2 hounds
  4 orc wizards
  An orc priest (D:4)
  Jessica (D:3)
  3 worker ants (D:4)
  A worker ant zombie (D:4)
  An adder (D:3)
  A shadow imp (D:5)
  An ooze (D:4)
  2 worms
  15 orcs
  4 giant cockroaches
  4 goblins
  2 hobgoblins
  8 jackals
  4 quokkas
  3 bats (D:2)
  6 frilled lizards
  3 kobolds
  4 rats
72 creatures vanquished.

Vanquished Creatures (others)
  An orc (D:3)
  3 jackals (D:3)
4 creatures vanquished.

Grand Total: 76 creatures vanquished

Notes
Turn   | Place    | Note
-------+----------+-------------------------------------------
     0 | D:1      | letownia2 the Vine Stalker Fighter began the quest for the Orb.
     0 | D:1      | Reached XP level 1. HP: 11/11 MP: 2/2
   133 | D:1      | You fall through a shaft!
   167 | D:2      | Reached XP level 2. HP: 16/16 MP: 3/3
   201 | D:2      | Reached skill level 3 in Unarmed Combat
   201 | D:2      | Reached XP level 3. HP: 13/19 MP: 2/4
   233 | D:2      | Reached skill level 1 in Dodging
   406 | D:2      | Gained mutation: Your natural rate of healing is unusually fast. [Vine Stalker growth]
   406 | D:2      | Reached XP level 4. HP: 21/23 MP: 5/5
   499 | D:3      | Reached skill level 4 in Unarmed Combat
   523 | D:3      | Reached XP level 5. HP: 20/27 MP: 6/6
   689 | D:3      | Noticed Jessica
   694 | D:3      | Killed Jessica
   716 | D:3      | Found a radiant altar of Vehumet.
   728 | D:4      | Found an ornate altar of the Wu Jian Council.
   750 | D:4      | Found Pygegutoz's Armour Shoppe.
   769 | D:4      | Found an ancient bone altar of Kikubaaqudgha.
   822 | D:4      | Reached skill level 5 in Unarmed Combat
   846 | D:4      | Reached XP level 6. HP: 25/32 MP: 4/7
   966 | D:4      | Noticed a phantom
   994 | D:4      | Found a sparkling altar of Nemelex Xobeh.
  1010 | D:4      | Killed a phantom
  1010 | D:4      | Reached skill level 6 in Unarmed Combat
  1102 | D:4      | Reached XP level 7. HP: 24/35 MP: 5/8
  1199 | D:5      | Entered Level 5 of the Dungeon
  1265 | D:5      | HP: 1/35 [shadow imp (1)]
  1266 | D:5      | Reached skill level 7 in Unarmed Combat
  1273 | D:5      | Found a staircase to the Ecumenical Temple.
  1275 | D:5      | Killed from afar by an orc priest

Skill      XL: |  1  2  3  4  5  6  7 |
---------------+----------------------+-----
Unarmed Combat | 3 4 5 6 7 |  7.3
Dodging        | 1 |  1.0
Shields        | 3 |  3.4
Fighting       | |  2.6
Armour         | |  2.4

Action                   |  1- 3 |  4- 6 |  7- 9 || total
-------------------------+-------+-------+-------++-------
Melee: Unarmed           |    70 |   198 |    19 ||   287
       Bite              |    21 |    56 |     6 ||    83
  Use: Potion            |       |       |     2 ||     2
  Eat: Chunk             |       |     1 |     1 ||     2
Armor: Scale mail        |    35 |    79 |     7 ||   121
Dodge: Dodged            |    36 |    62 |    10 ||   108
Block: Buckler           |     1 |    26 |     6 ||    33
